 Dungeon Crawl Stone Soup version 0.27.1-33-g824d729ab1 (webtiles) character file.

Game seed: 16907312005696175667

1047 jlumianski the Chopper (level 8, -1/48 HPs)
             Began as a Gargoyle Monk on Dec 18, 2021.
             Was a Priest of Wu Jian.
             Killed from afar by a steam dragon (23 damage)
             ... with a ball of steam
             ... on level 5 of the Dungeon.
             The game lasted 00:27:27 (5440 turns).

jlumianski the Chopper (Gargoyle Monk)              Turns: 5440, Time: 00:27:30

Health: -1/48      AC: 14    Str: 16    XL:     8   Next: 25%
Magic:  5/8        EV: 11    Int: 16    God:    Wu Jian [***...]
Gold:   186        SH:  0    Dex: 12    Spells: 4/7 levels left

rFire    . . .     SeeInvis .   x - +3 war axe (vorpal)
rCold    . . .     Faith    .   (no shield)
rNeg     + . .     Spirit   .   g - +0 ring mail
rPois    ∞         Reflect  .   i - +1 helmet
rElec    +         Harm     .   (no cloak)
rCorr    .         Rampage  .   (no gloves)
Will     .....                  p - +0 pair of boots
Stlth    ++........             s - amulet of Ydubison {rPois Regen+ Int+4}
HPRegen  1.16/turn              t - ring of wizardry
MPRegen  0.11/turn              (no ring)

@: no status effects
A: sickness immunity, AC +5, negative energy resistance 1, electricity
resistance, torment resistance 1, petrification resistance
a: Renounce Religion, Wall Jump, Serpent's Lash


You were on level 5 of the Dungeon.
You worshipped Wu Jian.
Wu Jian was most pleased with you.
You visited 2 branches of the dungeon, and saw 8 of its levels.

You collected 186 gold pieces.

Inventory:

Hand Weapons
 a - a +1 hand axe
 c - a +2 trident of freezing
 m - a +0 hunting sling
 x - a +3 vorpal war axe (weapon)
 y - a +2 flail of protection
Missiles
 d - 22 sling bullets
 f - 8 atropa-tipped darts
 h - 133 stones (quivered)
 w - 5 poisoned darts
Armour
 b - a +0 robe
 g - a +0 ring mail (worn)
 i - a +1 helmet (worn)
 p - a +0 pair of boots (worn)
 q - a +0 tower shield
Jewellery
 l - an amulet of reflection
 s - the amulet of Ydubison (around neck) {rPois Regen+ Int+4}
   (You found it on level 4 of the Dungeon)

   [amulet of regeneration]

   Int:       It affects your intelligence (+4).
   rPois:     It protects you from poison.
   Regen:     It increases your rate of health regeneration.
 t - a ring of wizardry (left hand)
 z - a ring of protection from fire
Scrolls
 j - a scroll of immolation
 o - a scroll of amnesia
Potions
 e - a potion of mutation
 k - a potion of haste
 n - a potion of lignification
 r - 3 potions of attraction
 u - a potion of heal wounds
 v - a potion of curing {unknown}


   Skills:
 + Level 4.8 Fighting
 + Level 5.8 Axes
 + Level 0.1 Slings
 + Level 4.0 Armour
 + Level 3.7 Dodging
 + Level 3.2 Stealth
 + Level 0.3 Shields
 + Level 0.2 Spellcasting
 * Level 2.9 Translocations


You had 4 spell levels left.
You knew the following spells:

 Your Spells              Type           Power      Damage    Failure   Level
a - Gell's Gravitas       Tloc           4%         N/A       16%         3

Your spell library contained the following spells:

 Spells                   Type           Power      Damage    Failure   Level
 Lesser Beckoning         Tloc           4%         N/A       16%         3
 Teleport Other           Tloc           9%         N/A       16%         3
 Portal Projectile        Hex/Tloc       8%         N/A       28%         3
 Call Canine Familiar     Summ           0%         N/A       45%         3
 Conjure Flame            Conj/Fire      0%         6-21      45%         3
 Ignite Poison            Fire/Tmut/Pois 0%         N/A       45%         3
 Tukima's Dance           Hex            0%         N/A       45%         3
 Passage of Golubria      Tloc           N/A        N/A       45%         4
 Cause Fear               Hex            0%         N/A       85%         4
 Leda's Liquefaction      Hex/Erth       0%         N/A       85%         4
 Sticky Flame             Conj/Fire      0%         2d3       85%         4
 Yara's Violent Unravell  Hex/Tmut       0%         3d3       99%         5
 Dragon Form              Tmut           0%         N/A       100%        7
 Dragon's Call            Summ           0%         N/A       100%        9


Dungeon Overview and Level Annotations

Branches:
Dungeon (7/15)             Temple (1/1) D:4

Altars:
Ashenzari
Cheibriados
Dithmenos
Elyvilon
Fedhas
Kikubaaqudgha
Makhleb
Nemelex Xobeh
Okawaru
Qazlal
Ru
Trog
Uskayaw
Vehumet
Wu Jian
Xom
Yredelemnul
Zin
The Shining One

Annotations:
D:6 Blork the orc


Innate Abilities, Weirdness & Mutations

You are immune to sickness and miasma.
Your stone body is resilient. (AC +5)
You are immune to poison.
You resist negative energy. (rN+)
You are resistant to electric shocks. (rElec)
You are resistant to unholy torment.
You are immune to petrification.


Message History

The steam dragon is heavily wounded.
You repeatedly attack the steam dragon from above.
You slash the steam dragon!
The steam dragon is heavily wounded.
You closely miss the steam dragon.
The steam dragon is heavily wounded.
The steam dragon breathes steam at you. The ball of steam misses you.
The steam dragon bites you but does no damage.
The steam dragon claws you.
The steam dragon bites you but does no damage.
The steam dragon claws you.
The steam dragon bites you but does no damage.
The steam dragon claws you but does no damage.
There is a shaft here.
Casting: Gell's Gravitas (dangerous; 16% risk of failure)
Confirm with . or Enter, or press ? or * to list all spells.
Aiming: Gell's Gravitas (dangerous; 16% risk of failure)
Press: ? - help, Dir - move target, f - steam dragon
Aim: a steam dragon (sparse dust, heavily wounded) Gravity reorients around the steam dragon.
The steam dragon collides with the steam dragon!
You are engulfed in a cloud of scalding steam.
The steam dragon bites you but does no damage.
The steam dragon claws you but does no damage.
The steam dragon bites you.
The steam dragon claws you but does no damage.
You spin and attack the steam dragon.
You hit the steam dragon but do no damage.
The steam dragon is heavily wounded.
The steam dragon breathes steam at you.
The ball of steam hits you but does no damage.
You spin and attack the steam dragon.
You hit the steam dragon but do no damage.
The steam dragon is heavily wounded.
The fungus is engulfed in a cloud of scalding steam.
The fungus begins to die.
The steam dragon breathes steam at you. The ball of steam hits you!!
You die...

##....####.##≈..P≈P###..#
#......
<#..........#.≈.≈P#
#..###......
##.......#..##P..#
#...........
.........###.#≈..#
#..###......
###......#...#≈..#
##.###......
.........#.#.#≈.≈#
#..##......
###......#.#.#...#
##......###
.##........#.#DD§#
#..#.#.#
......†.####.##§@#
##.#.#.# #######.##
#.##§P# #)#.#.#
.........# #.##§§##
#[..#.# #######..#
#.##..^# #...#.###
####.....# #.##..≈#
#..>..... .........#
#.##≈.P# #.#.#####
####...#.###.##...# #.#.#
# #...#.....#.P.≈# #.#.#
# #...#######.P.≈# #...#
#


You could see 2 steam dragons.

Vanquished Creatures
  Grinder (D:5)
  A centaur (D:7)
  A phantom (D:4)
  A kobold brigand (D:4)
  A wyvern skeleton (D:3)
  A hound (D:5)
  A centaur skeleton (D:6)
  4 orc priests (D:5)
  A jelly (D:5)
  A gnoll shaman (D:5)
  An iguana (D:4)
  4 orc wizards
  2 hound skeletons
  4 gnolls (D:5)
  5 adders
  An ufetubus (D:6)
  3 worms
  3 dart slugs
  16 orcs
  8 endoplasms
  A giant cockroach (D:4)
  4 goblins
  3 hobgoblins
  2 jackals (D:1)
  2 quokkas
  6 ball pythons
  4 bats
  2 frilled lizards
  9 kobolds
  8 rats
101 creatures vanquished.

Vanquished Creatures (others)
  A fungus (D:5)
1 creature vanquished.

Grand Total: 102 creatures vanquished

Notes
Turn   | Place    | Note
-------+----------+-------------------------------------------
     0 | D:1      | jlumianski the Gargoyle Monk began the quest for the Orb.
     0 | D:1      | Reached XP level 1. HP: 14/14 MP: 1/1
   485 | D:2      | Reached XP level 2. HP: 13/19 MP: 2/2
   610 | D:2      | Reached skill level 3 in Axes
  1010 | D:1      | Reached XP level 3. HP: 20/23 MP: 3/3
  2264 | D:2      | Found a faded altar of an unknown god.
  2439 | D:3      | Reached XP level 4. HP: 28/29 MP: 4/4
  2477 | D:5      | Entered Level 5 of the Dungeon
  2527 | D:4      | Reached skill level 1 in Armour
  2594 | D:4      | Identified the amulet of Ydubison {rPois Regen+ Int+4}
  2621 | D:4      | Found a staircase to the Ecumenical Temple.
  2627 | Temple   | Entered the Ecumenical Temple
  2652 | Temple   | Became a worshipper of the Wu Jian Council
  2652 | Temple   | Reached * piety under Wu Jian
  2652 | Temple   | Reached ** piety under Wu Jian
  2716 | D:3      | Reached skill level 4 in Axes
  2716 | D:3      | Reached XP level 5. HP: 23/33 MP: 5/5
  2764 | D:3      | Learned a level 3 spell: Gell's Gravitas
  3424 | D:3      | You fall into a shaft and drop 3 floors!
  3438 | D:6      | Noticed a centaur
  3460 | D:6      | Found a broken altar of Ashenzari.
  3553 | D:7      | Killed a centaur
  3554 | D:7      | Reached XP level 6. HP: 34/38 MP: 6/6
  3560 | D:7      | Noticed an ice beast
  3567 | D:7      | Noticed a water moccasin
  3607 | D:6      | Noticed a necrophage
  3625 | D:6      | Noticed Blork the orc
  3724 | D:6      | Reached skill level 1 in Translocations
  3947 | D:4      | Reached XP level 7. HP: 44/44 MP: 7/7
  4410 | D:4      | Reached skill level 5 in Axes
  4572 | D:4      | Found an iron altar of Okawaru.
  4572 | D:4      | Found a shadowy altar of Dithmenos.
  4793 | D:5      | Reached *** piety under Wu Jian
  5169 | D:5      | Reached XP level 8. HP: 48/48 MP: 8/8
  5326 | D:5      | Noticed Grinder
  5336 | D:5      | Paralysed by Grinder for 5 turns
  5341 | D:5      | Killed Grinder
  5440 | D:5      | Killed from afar by a steam dragon

Illustrated notes

Levels and vault maps discovered:
D:1:      evilmike_arrival_home_sweet_home, layout_loops_ring
D:2:      layout_loops_ring, shapermc_ecumenical_altar_mp_vishouse
D:3:      layout_basic
D:4:      layout_loops_ring, minitemple, minmay_temple_entry_nine_rooms
D:5:      kennysheep_steamy, layout_basic, st_stairs_10, uniq_grinder
D:6:      old_forge, layout_rooms, mainiacjoe_overflow_surrounded_room,
          nicolae_sif_muna_condensation, uniq_blork_the_orc
D:7:      layout_rooms, mainiacjoe_overflow_cross_hatched
Temple:   lightli_temple_of_artemis

Skill      XL: |  1  2  3  4  5  6  7  8 |
---------------+-------------------------+-----
Axes           | 3 4 5 |  5.8
Armour         | 1 2 3 4 |  4.0
Dodging        | 3 |  3.7
Fighting       | 4 |  4.8
Translocations | 1 2 |  2.9
Stealth        | 3 |  3.2
Slings         | |  0.1
Shields        | |  0.3
Spellcasting   | |  0.2

Action                   |  1- 3 |  4- 6 |  7- 9 || total
-------------------------+-------+-------+-------++-------
Melee: Hand axe          |   139 |   210 |    21 ||   370
       War axe           |       |       |   116 ||   116
 Fire: Hunting sling     |       |     6 |       ||     6
Throw: Stone             |     1 |     1 |       ||     2
 Cast: Gell's Gravitas   |       |     1 |     1 ||     2
Invok: Whirlwind         |       |    16 |     5 ||    21
       Lunge             |       |    10 |     9 ||    19
 Abil: Wall Jump         |       |    18 |    24 ||    42
  Use: Scroll            |     7 |     5 |     6 ||    18
       Potion            |     1 |     2 |       ||     3
 Stab: Sleeping          |     3 |       |     1 ||     4
       Invisible         |       |     2 |       ||     2
Armor: Robe              |    20 |       |       ||    20
       Ring mail         |    47 |   156 |    78 ||   281
Dodge: Dodged            |    90 |   145 |    56 ||   291
Block: Other             |     3 |     5 |       ||     8
       Reflection        |     1 |       |       ||     1
